 Dungeon Crawl Stone Soup version 0.23-a0-395-gcf17ac6 (webtiles) character file.

48 MisterFreud the Sneak (level 3, 0/16 HPs)
             Began as a Felid Transmuter on Nov 1, 2018.
             Slain by Terence
             ... wielding a +0 trident
              (5 damage)
             ... on level 3 of the Dungeon.
             The game lasted 00:07:05 (2902 turns).

MisterFreud the Sneak (Felid Transmuter)            Turns: 2902, Time: 00:07:05

Health: 0/16       AC:  1    Str:  7    XL:     3   Next: 50%
Magic:  4/7        EV: 18    Int: 14    God:
Gold:   215        SH:  0    Dex: 16    Spells: 0/6 levels left
                                        Lives:  0   Deaths: 1

rFire    . . .     SeeInvis +     - Unarmed
rCold    + . .     Gourm    .   (shield unavailable)
rNeg     . . .     Faith    .   (armour unavailable)
rPois    .         Spirit   .   (helmet unavailable)
rElec    .         Reflect  .   (cloak unavailable)
rCorr    .         Harm     .   (gloves unavailable)
MR       .....                  (boots unavailable)
Stlth    +++.......             (no amulet)
HPRegen  0.05/turn              g - ring of protection from cold
MPRegen  0.10/turn              (no ring)

@: very slightly contaminated, slowed, slow
A: very small, no armour, no weapons or thrown items, stealth, claws 1, fangs 3,
see invisible, carnivore, speed 1, shaggy fur 1, slow metabolism 1, sharp paws
a: no special abilities


You were on level 3 of the Dungeon.
You were not hungry.

You visited 1 branch of the dungeon, and saw 3 of its levels.

You collected 215 gold pieces.

Inventory:

Missiles
 a - 29 arrows
Jewellery
 g - a ring of protection from cold (left paw)
Scrolls
 b - 2 scrolls of teleportation
 d - 2 scrolls of fear {unknown}
 e - 2 scrolls of magic mapping {unknown}
Potions
 f - a potion of cancellation {unknown}
 h - a potion of resistance {unknown}
 i - a potion of curing
Comestibles
 c - 7 rations


   Skills:
 * Level 2.1 Fighting
 - Level 2.6 Dodging
 - Level 5.0 Stealth
 + Level 3.1 Unarmed Combat
 - Level 2.0 Spellcasting
 - Level 2.1 Transmutations


You couldn't memorise any spells.
You knew the following spells:

 Your Spells              Type           Power        Failure   Level  Hunger
a - Beastly Appendage     Tmut           #.....       10%         1    ##.....
b - Sticks to Snakes      Tmut           #.......     14%         2    ###....
c - Spider Form           Tmut/Pois      #.........   41%         3    ####...

Your spell library contained the following spells:

 Spells                   Type           Power        Failure   Level  Hunger
 Ice Form                 Ice/Tmut       #.......     83%         4    #####..
 Blade Hands              Tmut           #.........   95%         5    ######.


Dungeon Overview and Level Annotations

Branches:
Dungeon (3/15)

Altars:
Sif Muna

Annotations:
D:3 Grinder, Jessica, Natasha, Terence


Innate Abilities, Weirdness & Mutations

You cannot wear armour.
You are incapable of wielding weapons or throwing items.
Your paws allow you to move quietly. (Stealth)
You have sharp claws.
You have razor-sharp teeth.
You have supernaturally acute eyesight. (SInv)
You are carnivorous and can eat meat at any time.
You cover ground quickly.
You are covered in fur. (AC +1)
You have a slow metabolism.
Your sharp claws are effective at attacking unaware monsters.


Message History

Jessica gestures at you while chanting.
You feel yourself slow down.
Terence the Incautious comes into view.
He is wielding a +0 trident.
An orc comes into view. It is wielding a +0 club.
The orc shouts!
Jessica casts a spell.
Jessica blinks!
Terence shouts!
There is an open door here.
Jessica mumbles some strange words.
Jessica blinks!
An orc comes into view. It is wielding a +0 dagger.
An orc comes into view.
It is wielding a +2 hand axe of freezing.
The orc misses you.
Jessica gestures wildly while chanting.
Jessica seems to speed up.
Terence misses you.
The orc throws a tomahawk.
The tomahawk barely misses you.
Terence says, "Don't bother to defend, it's pointless."
Terence hits you with a +0 trident.
You die...

#.# #.#..... #.# #.#.####
#.# #.#.# #.# #.#.#
###########.# #.#.####
#........##.# #.#.....
###.[......##.#####.######
#>'...%..(.'oro..o........
#......@.########.######
#....@@o.'.# #.# #
#........#.# #o# #
#........#.# #r# #
#........# # #.# #
#.....o..# #o# #
#......o.#r #)######
######........###.......
'......o.o..w......


You could see Terence, Jessica, 5 orcs and a rat.

Vanquished Creatures
  3 adders (D:2)
  A dart slug (D:1)
  2 leopard geckos (D:3)
  5 orcs (D:3)
  A giant cockroach (D:1)
  8 goblins
  7 hobgoblins
  3 jackals (D:1)
  3 kobolds
  10 bats
  4 frilled lizards
  3 rats (D:1)
50 creatures vanquished.

Vanquished Creatures (collateral kills)
  An adder (D:3)
  A worm (D:2)
2 creatures vanquished.

Grand Total: 52 creatures vanquished

Notes
Turn   | Place    | Note
-------+----------+-------------------------------------------
     0 | D:1      | MisterFreud the Felid Transmuter began the quest for the
                  | Orb.
     0 | D:1      | Reached XP level 1. HP: 9/9 MP: 4/4
   163 | D:1      | Reached skill level 1 in Stealth
   197 | D:1      | Reached skill level 2 in Stealth
   309 | D:1      | Reached XP level 2. HP: 12/12 MP: 4/6
   505 | D:1      | Reached skill level 3 in Stealth
   594 | D:1      | Learned a level 2 spell: Sticks to Snakes
  1004 | D:2      | Reached skill level 4 in Stealth
  1061 | D:2      | Reached XP level 3. HP: 15/15 MP: 7/7
  1562 | D:2      | Found a deep blue altar of Sif Muna.
  1601 | D:2      | Reached skill level 5 in Stealth
  1742 | D:3      | Noticed Grinder
  1926 | D:3      | Learned a level 3 spell: Spider Form
  2081 | D:3      | Reached XP level 4. HP: 10/19 MP: 3/8
  2606 | D:3      | Noticed Natasha
  2606 | D:3      | Noticed Jessica
  2807 | D:3      | Slain by Grinder
  2808 | D:3      | Reached XP level 3. HP: -2/16 MP: 2/7
  2898 | D:3      | Noticed Terence
  2902 | D:3      | Slain by Terence

Vault maps used:
D:1:      ebering_hopf_link
D:2:      led_sif_pool, minmay_hexomino_p4
D:3:      first_ration, uniq_natasha, uniq_terence, uniq_grinder, uniq_jessica

Skill      XL: |  1  2  3 |
---------------+----------+-----
Stealth        | 2 4 5 |  5.0
Fighting       | 2 |  2.1
Dodging        | |  2.6
Unarmed Combat | |  3.1
Spellcasting   | |  2.0
Transmutations | |  2.1

Action                   |  1- 3 |  4- 6 || total
-------------------------+-------+-------++-------
Melee: Unarmed           |    91 |    19 ||   110
       Headbutt          |    11 |       ||    11
       Bite              |     5 |     1 ||     6
 Cast: Beastly Appendage |    15 |     4 ||    19
       Sticks to Snakes  |     3 |     2 ||     5
       Spider Form       |     1 |     2 ||     3
  Use: Scroll            |       |     1 ||     1
       Potion            |       |     1 ||     1
 Stab: Sleeping          |    13 |     1 ||    14
  Eat: Chunk             |    10 |     2 ||    12
Armor: Skin              |     3 |       ||     3
Dodge: Dodged            |    46 |    15 ||    61

Table legend:
 A = Non-vault XP
 B = Vault XP
 C = Vault XP percentage of total XP
 D = Non-vault monster count
 E = Vault monster count
 F = Vault count percentage of total count
                 A         B        C        D         E       F
            +---------+---------+-------+---------+---------+-------
      Total |     131 |       4 |   3.0 |      50 |       2 |   3.8
            +---------+---------+-------+---------+---------+-------
        D:1 |      37 |       0 |   0.0 |      21 |       0 |   0.0
        D:2 |      48 |       4 |   7.7 |      11 |       2 |  15.4
        D:3 |      46 |       0 |   0.0 |      18 |       0 |   0.0
            +---------+---------+-------+---------+---------+-------
